 Dungeon Crawl Stone Soup version 0.28.0 (webtiles) character file.

Game seed: 11309560539561444445

2654 Ajdolov the Cleaver (level 9, -11/64 HPs)
             Began as a Formicid Fighter on Feb 16, 2022.
             Was a Follower of Wu Jian.
             Mangled by Gastronok (27 damage)
             ... on level 8 of the Dungeon.
             The game lasted 00:15:47 (9080 turns).

Ajdolov the Cleaver (Formicid Fighter)              Turns: 9080, Time: 00:15:47

Health: -11/64     AC: 10    Str: 24    XL:     9   Next: 93%
Magic:  9/9        EV:  7    Int: 15    God:    Wu Jian [*.....]
Gold:   384        SH:  4    Dex: 10    Spells: 8/8 levels left

rFire   . . .      SeeInvis +   z - +11 hand axe "Eptuopp" {vorpal, rC+ Will++}
rCold   + . .      Faith    .   c - +0 buckler
rNeg    . . .      Spirit   .   w - +0 chain mail
rPois   .          Reflect  .   (helmet unavailable)
rElec   .          Harm     .   i - +0 cloak
rCorr   .          Rampage  .   (no gloves)
Will    +++..                   (no boots)
Stlth   ..........              (no amulet)
HPRegen 0.20/turn               s - +6 ring of intelligence
MPRegen 0.11/turn               t - ring of willpower

@: mighty
A: permanent stasis, dig shafts and tunnels, antennae 3, four strong arms
a: Dig, Shaft Self, Renounce Religion


You were on level 8 of the Dungeon.
You worshipped Wu Jian.
Wu Jian was aware of your devotion.
You visited 2 branches of the dungeon, and saw 9 of its levels.

You collected 384 gold pieces.

Inventory:

Hand Weapons
 b - a +0 hunting sling
 z - the +11 hand axe "Eptuopp" (weapon) {vorpal, rC+ Will++}
   (You found it on level 5 of the Dungeon)

   It inflicts extra damage upon your enemies.
   rC:        It protects you from cold.
   Will:      It greatly increases your willpower.
Missiles
 h - 162 stones
 B - 15 sling bullets
Armour
 c - a +0 buckler (worn)
 i - a +0 cloak (worn)
 w - a +0 chain mail (worn)
Jewellery
 e - a ring of magical power
 s - a +6 ring of intelligence (left hand)
 t - a ring of willpower (right hand)
 I - the ring "Joke" {rF+ Will+}
   (You took it off an orc on level 8 of the Dungeon)

   [ring of protection from fire]

   rF:        It protects you from fire.
   Will:      It increases your willpower.
Wands
 u - a wand of paralysis (3)
 y - a wand of mindburst (13)
 A - a wand of polymorph (10)
 D - a wand of iceblast (9)
Scrolls
 f - 4 scrolls of vulnerability {unknown}
 g - a scroll of magic mapping {unknown}
 l - 2 scrolls of fog {unknown}
 m - 3 scrolls of enchant armour {unknown}
 n - 3 scrolls of teleportation {unknown}
 p - 6 scrolls of identify {unknown}
 q - a scroll of enchant weapon {unknown}
 r - 2 scrolls of summoning {unknown}
 x - a scroll of blinking {unknown}
 C - a scroll of brand weapon {unknown}
 G - 2 scrolls of torment {unknown}
Potions
 a - 2 potions of attraction {unknown}
 j - a potion of magic {unknown}
 k - 2 potions of curing {unknown}
 o - 2 potions of heal wounds {unknown}
 v - a potion of degeneration {unknown}
 E - a potion of brilliance {unknown}
 F - a potion of invisibility {unknown}
 H - a potion of lignification {unknown}


   Skills:
 - Level 3.2 Fighting
 + Level 12.9 Axes
 - Level 3.2 Armour
 - Level 3.6 Shields


You had 8 spell levels left.
You didn't know any spells.
Your spell library contained the following spells:

 Spells                   Type           Power      Damage    Failure   Level
 Apportation              Tloc           0%         N/A       94%         1
 Magic Dart               Conj           0%         1d3       94%         1
 Slow                     Hex            0%         N/A       94%         1
 Call Imp                 Summ           0%         N/A       98%         2
 Confusing Touch          Hex            0%         N/A       100%        3
 Conjure Flame            Conj/Fire      0%         6-21      100%        3
 Ignite Poison            Fire/Tmut/Pois 0%         N/A       100%        3
 Lesser Beckoning         Tloc           0%         N/A       100%        3
 Mephitic Cloud           Conj/Pois/Air  0%         N/A       100%        3
 Vampiric Draining        Necr           0%         2d6       100%        3
 Animate Dead             Necr           0%         N/A       100%        4
 Sticky Flame             Conj/Fire      0%         2d3       100%        4
 Alistair's Intoxication  Tmut/Pois      0%         N/A       100%        5
 Manifold Assault         Tloc           0%         N/A       100%        5
 Haunt                    Necr/Summ      0%         N/A       100%        7
 Infestation              Necr           0%         N/A       100%        8
 Blink                    Tloc           Unusable   N/A       N/A         2

Dungeon Overview and Level Annotations

Branches:
Dungeon (8/15)             Temple (1/1) D:4
   Lair: D:8-11

Altars:
Ashenzari
Cheibriados
Dithmenos
Gozag
Hepliaklqana
Nemelex Xobeh
Okawaru
Ru
Sif Muna
Vehumet
Wu Jian
Yredelemnul

Shops:
D:7 [   D:8 *

Annotations:
D:7 3 runed translucent doors, Masnef's ghost, novice DEWn
D:8 Gastronok


Innate Abilities, Weirdness & Mutations

You cannot be hasted, slowed, berserked, paralysed or teleported.
You can dig through walls and to a lower floor.
You have a pair of large antennae on your head. (SInv)
Your four strong arms can wield two-handed weapons with a shield.


Message History

You slash the killer bee!
You kill the killer bee!
The Council accepts your kill.
HP restored.
You pick up a book of Party Tricks and begin reading...
You add the spells Apportation and Alistair's Intoxication to your library.
You open the door.
There is an open door here.
Found an escape hatch in the ceiling.
You sense a monster nearby.
Gastronok the Ponderous comes into view.
You hit Gastronok.
Gastronok is lightly wounded.
You slash Gastronok!
Gastronok is lightly wounded.
You slash Gastronok!
Gastronok is lightly wounded.
Gastronok waves his eye-stalks in wide circles.
The air twists around and strikes you!!
You hit Gastronok.
Gastronok is lightly wounded.
You slash Gastronok!
Gastronok is moderately wounded.
You hit Gastronok.
Gastronok is moderately wounded.
Gastronok waves his eye-stalks in wide circles.
The air twists around and strikes you!
You hit Gastronok.
Gastronok is moderately wounded.
You hit Gastronok but do no damage.
Gastronok is moderately wounded.
You slash Gastronok!
Gastronok is heavily wounded.
Gastronok bites you!!
* * * LOW HITPOINT WARNING * * *
You feel very mighty all of a sudden.
You slash Gastronok!
Gastronok is heavily wounded.
Gastronok bites you!!
You die...

##'## #.# #######.#
#.....#.##
#.###....### ##
#..........### ..
#..##.........
#.#.#####..##...##.###
#...w@.........###.#
#########.....## #<#
##.#######.#
#.........#
###########


You could see Gastronok.

Vanquished Creatures
  Eustachio (D:4)
  A steam dragon (D:7)
  4 water moccasins
  3 sky beasts
  2 black bears
  A necrophage (D:4)
  An ogre (D:5)
  2 centaurs
  A phantom (D:6)
  A gnoll sergeant (D:7)
  2 scorpions
  3 killer bees (D:8)
  3 wights
  2 hounds (D:6)
  2 orc priests
  2 iguanas
  2 orc wizards
  Ijyb (D:4)
  A killer bee zombie (D:6)
  A hound skeleton (D:4)
  A howler monkey zombie (D:6)
  9 gnolls
  10 adders
  2 shadow imps
  2 white imps
  An ufetubus (D:6)
  An adder zombie (D:5)
  5 worms
  3 dart slugs (D:3)
  25 orcs
  6 bats
  7 endoplasms
  3 giant cockroaches
  6 goblins
  10 hobgoblins
  11 jackals
  4 quokkas
  13 ball pythons
  6 frilled lizards
  9 kobolds
  8 rats
178 creatures vanquished.

Vanquished Creatures (others)
  8 plants (D:5)
8 creatures vanquished.

Grand Total: 186 creatures vanquished

Notes
Turn   | Place    | Note
-------+----------+-------------------------------------------
     0 | D:1      | Ajdolov the Formicid Fighter began the quest for the Orb.
     0 | D:1      | Reached XP level 1. HP: 18/18 MP: 1/1
   302 | D:1      | Reached XP level 2. HP: 24/24 MP: 2/2
   493 | D:1      | Reached skill level 3 in Axes
   511 | D:1      | Reached XP level 3. HP: 21/29 MP: 3/3
  1446 | D:2      | Reached skill level 4 in Axes
  1446 | D:2      | Reached XP level 4. HP: 24/35 MP: 4/4
  1882 | D:2      | Found a faded altar of an unknown god.
  3192 | D:3      | Reached XP level 5. HP: 19/41 MP: 5/5
  3556 | D:4      | Noticed a black bear
  3611 | D:3      | Reached skill level 5 in Axes
  3874 | D:4      | Noticed a black bear
  3948 | D:3      | Reached XP level 6. HP: 47/47 MP: 6/6
  3964 | D:4      | Reached skill level 6 in Axes
  3965 | D:4      | Noticed Ijyb
  3973 | D:4      | Killed Ijyb
  4472 | D:4      | Noticed Eustachio
  4501 | D:4      | Killed Eustachio
  4502 | D:4      | Reached skill level 7 in Axes
  4502 | D:4      | Reached XP level 7. HP: 36/52 MP: 7/7
  4730 | D:4      | Found a staircase to the Ecumenical Temple.
  4748 | Temple   | Entered the Ecumenical Temple
  4821 | Temple   | Became a worshipper of the Wu Jian Council
  4855 | D:4      | Reached skill level 8 in Axes
  5705 | D:5      | Entered Level 5 of the Dungeon
  5707 | D:5      | Noticed a water moccasin
  5717 | D:5      | Killed a water moccasin
  5718 | D:5      | Reached XP level 8. HP: 58/58 MP: 8/8
  5850 | D:5      | Reached skill level 9 in Axes
  6221 | D:5      | Identified the +11 hand axe "Eptuopp" {vorpal, rC+ Will++}
  6574 | D:5      | Reached skill level 10 in Axes
  7580 | D:5      | Reached XP level 9. HP: 58/63 MP: 9/9
  7590 | D:6      | Reached skill level 11 in Axes
  7610 | D:6      | Reached * piety under Wu Jian
  8192 | D:7      | Found a runed translucent gate.
  8192 | D:7      | Noticed Masnef's ghost (novice DEWn)
  8216 | D:7      | Found Xeotega's Armour Shoppe.
  8249 | D:7      | Found a runed translucent gate.
  8249 | D:7      | Found a runed translucent gate.
  8421 | D:7      | Reached skill level 12 in Axes
  8624 | D:8      | Found Witofets's Serpentskin Sales.
  8994 | D:8      | Identified the ring "Joke" {rF+ Will+}
  9067 | D:8      | Noticed Gastronok
  9080 | D:8      | Mangled by Gastronok

Illustrated notes

Levels and vault maps discovered:
D:1:      grunt_arrival_crossed_arrows, layout_loops_ring, serial_rivers,
          chequers_serial_rivers_marsh, chequers_serial_rivers_room_b,
          chequers_serial_rivers_micro_a, chequers_serial_rivers_small_b,
          chequers_serial_rivers_micro_c, minmay_hexomino_c4
D:2:      layout_basic, chequers_ecumenical_altar_twisty
D:3:      layout_rooms, nicolae_elevator_lobby_plus
D:4:      minmay_general_purpose_star, layout_basic, minmay_temple_entry_grid,
          serial_glass, glass_columns_c, glass_columns_a, uniq_ijyb,
          uniq_eustachio
D:5:      layout_basic, kennysheep_boxes
D:6:      layout_rooms, grunt_ministairs_15
D:7:      layout_rooms, gammafunk_ghost_split, serial_shops,
          nicolae_shop_advertising_works [nicolae_subvault_shop_adworks]
D:8:      layout_loops_corners, guppyfry_shop_venom, uniq_joseph, uniq_pikel,
          uniq_gastronok
Temple:   mainiacjoe_temple_circle_huts

Skill      XL: |  1  2  3  4  5  6  7  8  9 |
---------------+----------------------------+-----
Axes           | 3 4 5 7 8 10 12 | 12.9
Fighting       | |  3.2
Armour         | |  3.2
Shields        | |  3.6

Action                   |  1- 3 |  4- 6 |  7- 9 || total
-------------------------+-------+-------+-------++-------
Melee: War axe           |   112 |   190 |   118 ||   420
       Hand axe          |       |       |   133 ||   133
Invok: Lunge             |       |       |    25 ||    25
       Whirlwind         |       |       |     2 ||     2
Evoke: Wand              |       |       |     1 ||     1
  Use: Potion            |       |       |     1 ||     1
 Stab: Paralysed         |       |       |     5 ||     5
Armor: Scale mail        |    76 |    71 |    77 ||   224
       Chain mail        |       |       |    17 ||    17
Dodge: Dodged            |    64 |    85 |    50 ||   199
Block: Buckler           |    21 |    36 |    49 ||   106
